 Dungeon Crawl Stone Soup version 0.24.0-13-gcf9b319 (webtiles) character file.

Game seed: 5236828515614045033, levelgen mode: deterministic

241 Fang the Skirmisher (level 6, 0/39 HPs)
             Began as a Gargoyle Berserker on Nov 21, 2019.
             Was a Priest of Trog.
             Slain by an orc wizard
             ... wielding a +3 dagger
              (1 damage)
             ... on level 3 of the Dungeon.
             The game lasted 00:02:18 (2676 turns).

Fang the Skirmisher (Gargoyle Berserker)            Turns: 2676, Time: 00:02:19

Health: 0/39       AC:  6    Str: 22    XL:     6   Next: 8%
Magic:  0/6        EV: 12    Int:  8    God:    Trog [***...]
Gold:   70         SH:  0    Dex:  9    Spells: 5/5 levels left

rFire    . . .     SeeInvis .   a - +0 hand axe
rCold    . . .     Gourm    .   (no shield)
rNeg     + . .     Faith    .   b - +0 animal skin
rPois    ∞         Spirit   +   (no helmet)
rElec    +         Reflect  .   (no cloak)
rCorr    .         Harm     .   (no gloves)
MR       .....                  (no boots)
Stlth    +.........             d - amulet of guardian spirit
HPRegen  0.13/turn              (no ring)
MPRegen  0.10/turn              (no ring)

@: berserk cooldown, slowed, very slow
A: negative energy resistance 1, electricity resistance, unbreathing,
petrification resistance, rot immunity, AC +4
a: Berserk, Trog's Hand, Renounce Religion


You were on level 3 of the Dungeon.
You worshipped Trog.
Trog was most pleased with you.
You were hungry.

You visited 1 branch of the dungeon, and saw 3 of its levels.

You collected 70 gold pieces.

Inventory:

Hand Weapons
 a - a +0 hand axe (weapon)
Armour
 b - a +0 animal skin (worn)
Jewellery
 d - an amulet of guardian spirit (around neck)
Scrolls
 g - 6 scrolls of identify {unknown}
 h - 2 scrolls of blinking {unknown}
 i - a scroll of teleportation {unknown}
 j - a scroll of random uselessness {unknown}
 l - a scroll of immolation {unknown}
 m - a scroll of enchant weapon {unknown}
 n - 2 scrolls of remove curse {unknown}
 o - a scroll of amnesia {unknown}
Potions
 e - a potion of agility {unknown}
 f - 5 potions of curing {unknown}
 k - a potion of mutation {unknown}
 q - a potion of might {unknown}
Comestibles
 c - 6 rations
 p - 3 chunks of flesh


   Skills:
 + Level 4.5 Fighting
 + Level 3.7 Axes
 + Level 3.8 Armour
 + Level 2.8 Dodging


You had 5 spell levels left.
You didn't know any spells.
Your spell library was empty.

Dungeon Overview and Level Annotations

Branches:
Dungeon (3/15)

Altars:
Nemelex Xobeh


Innate Abilities, Weirdness & Mutations

You are resistant to torment.
Your stone body is resilient. (AC +4)
You are immune to poison.
You resist negative energy. (rN+)
You are resistant to electric shocks. (rElec)
You can survive without breathing.
You are immune to petrification.
You are immune to rotting.


Message History

* * * LOW HITPOINT WARNING * * *
You see here a +0 flail.
You feel a strong urge to attack something.
Something barely misses you.
You hear some strange, mumbled words.
A puff of flame appears from out of thin air!
The puff of flame hits you.
* * * LOW HITPOINT WARNING * * *
You feel your anger nearly subside.
You are no longer berserk.
You are exhausted.
You feel yourself slow down. The orc closely misses you.
Found a stone staircase leading up.
You hear some strange, mumbled words.
Something hits you but does no damage.
You hit something.
You are feeling hungry.
Something hits you.
* * * LOW HITPOINT WARNING * * *
The orc closely misses you. Something hits you.
You die...

#..............
#.############' ###.#####
#####. #.......# #§###.
..####.#)##### #○☼§##.
... .......#.###.#
☼☼§☼§#. ..# #.###
#.###(.#.....# #§§§##.
..# #..... #.# #........#
##§###.
..#.#.....##.###@.#.###.#
######.
..#.......'....o..#.# #
.......
..#.#.....##.#....#.###.
######.
....#.###.............<.
##°###.
....................###.
#§°§##.
....................###.
.§§○§#.
..#.#...................
#§☼☼##.
#.#.#..#..##.#...######.
##§###.
#.#.#..#..##............
######.


You could see an orc.

Vanquished Creatures
  2 orc wizards (D:3)
  An orc priest (D:3)
  6 adders
  An ooze (D:1)
  2 worms (D:2)
  2 dart slugs
  4 leopard geckos
  9 orcs (D:3)
  5 giant cockroaches
  7 goblins
  10 hobgoblins
  3 jackals (D:2)
  5 bats (D:1)
  6 frilled lizards
  4 kobolds
  7 rats
74 creatures vanquished.

Notes
Turn   | Place    | Note
-------+----------+-------------------------------------------
     0 | D:1      | Fang the Gargoyle Berserker began the quest for the Orb.
     0 | D:1      | Reached XP level 1. HP: 14/14 MP: 1/1
   122 | D:1      | Reached XP level 2. HP: 13/19 MP: 2/2
   571 | D:1      | Reached XP level 3. HP: 20/23 MP: 3/3
   583 | D:1      | Reached ** piety under Trog
   976 | D:2      | Reached XP level 4. HP: 16/29 MP: 4/4
  1337 | D:2      | Reached skill level 4 in Fighting
  1517 | D:2      | Found a sparkling altar of Nemelex Xobeh.
  1601 | D:2      | Reached XP level 5. HP: 10/33 MP: 2/5
  1928 | D:3      | Found a sparkling altar of Nemelex Xobeh.
  2045 | D:3      | Reached *** piety under Trog
  2663 | D:3      | Reached XP level 6. HP: 12/39 MP: 1/6
  2676 | D:3      | HP: 1/39 [something (3)]
  2676 | D:3      | Slain by an orc wizard

Levels and vault maps discovered:
D:1:      dpeg_arrival_chase, layout_loops_ring, minmay_fountain_box,
          st_stairs_11, minivault_25
D:2:      layout_rooms, nemelex_spade_bored_becter
D:3:      cheibrodos_pilgrimage, layout_basic, nemelex_altar_shiori,
          first_ration, serial_forest, infiniplex_forest_clump_small,
          infiniplex_forest_3_way, infiniplex_forest_lined_2,
          infiniplex_forest_end_double, infiniplex_forest_lined_corner,
          infiniplex_forest_clump_diagonal, infiniplex_forest_corner_1

Skill      XL: |  1  2  3  4 |
---------------+-------------+-----
Axes           | 3 |  3.7
Dodging        | 2 |  2.8
Armour         | 3 |  3.8
Fighting       | 4 |  4.5

Action                   |  1- 3 |  4- 6 || total
-------------------------+-------+-------++-------
Melee: Hand axe          |   100 |   159 ||   259
Invok: Berserk           |     1 |     2 ||     3
 Stab: Sleeping          |     1 |       ||     1
  Eat: Chunk             |       |     8 ||     8
Armor: Animal skin       |    37 |    47 ||    84
Dodge: Dodged            |    67 |   121 ||   188
